 Dungeon Crawl Stone Soup version 0.27.1-37-g7b29ead8ac (webtiles) character file.

Game seed: 17351533970031868292

18664 AarnesTheHuman the Spear-Bearer (level 12, -4/95 (105) HPs)
             Began as a Merfolk Gladiator on Dec 4, 2023.
             Was a Priest of Ru.
             Slain by a large abomination (26 damage)
             ... on level 2 of the Abyss.
             The game lasted 00:32:34 (12264 turns).

AarnesTheHuman the Spear-Bearer (MfGl)             Turns: 12264, Time: 00:32:35

HP:   -4/95 (105)   AC: 16    Str: 17 (18) XL:     12   Next: 60%
MP:   12/12         EV: 11    Int:  8      God:    Ru [***...]
Gold: 674           SH:  0    Dex: 15 (16) Spells: 11/11 levels left

rFire    + . .     SeeInvis .   a - +1 trident (venom)
rCold    . . .     Faith    .   (no shield)
rNeg     . . .     Spirit   .   l - +2 storm dragon scales
rPois    +         Reflect  .   x - +1 helmet
rElec    +         Harm     .   L - scarf {rC+ rF+}
rCorr    .         Rampage  .   w - +1 pair of gloves
Will     .....                  (no boots)
Stlth    ..........             c - amulet of regeneration
HPRegen  0.00/turn              H - ring of protection from fire
MPRegen  0.13/turn              g - ring of poison resistance

@: exhausted, unable to read, badly diseased, drained
A: inability to train armour, temperature sensitive, (nimble swimmer 2),
mertail, deterioration 1, inability to read while threatened
a: Renounce Religion, Draw Out Power


You were on level 2 of the Abyss.
You worshipped Ru.
Ru was most pleased with you.
You visited 3 branches of the dungeon, and saw 12 of its levels.
You visited the Abyss 1 time.
You also visited: Sewer and Volcano.

You collected 674 gold pieces.

Inventory:

Hand Weapons
 a - a +1 trident of venom (weapon)
 b - a +4 hunting sling
 I - a +2 antimagic dagger
Missiles
 d - 2 throwing nets (quivered)
 m - 299 stones
 E - 72 sling bullets
Armour
 l - +2 storm dragon scales (worn)
 w - a +1 pair of gloves (worn)
 x - a +1 helmet (worn)
 y - a +1 cloak
 G - a +2 leather armour of fire resistance
 L - a scarf of resistance (worn)
Jewellery
 c - an amulet of regeneration (around neck)
 g - a ring of poison resistance (right hand)
 k - a +6 ring of strength
 q - a ring of protection from cold
 v - a ring of fire
 H - a ring of protection from fire (left hand)
 J - a +4 ring of evasion
Wands
 i - a wand of flame (29)
 A - a wand of iceblast (6)
 D - a wand of paralysis (11)
Scrolls
 f - 4 scrolls of teleportation
 s - 8 scrolls of fog
 B - a scroll of holy word
 K - 3 scrolls of fear
Potions
 e - 2 potions of magic
 h - a potion of haste {unknown}
 j - a potion of lignification
 n - a potion of berserk rage {unknown}
 o - 2 potions of invisibility
 r - 4 potions of flight
 u - 3 potions of mutation
 z - 3 potions of curing
 C - 3 potions of cancellation
 F - a potion of might


   Skills:
 + Level 13.5 Fighting
 - Level 14.0 Polearms
 - Level 1.5(2.0) Slings
 - Level 2.0(2.4) Throwing
 + Level 12.7 Dodging
 + Level 4.8 Evocations


You had 11 spell levels left.
You didn't know any spells.
Your spell library contained the following spells:

 Spells                   Type           Power      Damage    Failure   Level
 Animate Skeleton         Necr           0%         N/A       100%        1
 Apportation              Tloc           0%         N/A       100%        1
 Corona                   Hex            0%         N/A       100%        1
 Sandblast                Erth           0%         2d4       100%        1
 Summon Small Mammal      Summ           0%         N/A       100%        1
 Blink                    Tloc           N/A        N/A       100%        2
 Passwall                 Tmut/Erth      0%         N/A       100%        2
 Swiftness                Air            0%         N/A       100%        3
 Borgnjor's Vile Clutch   Necr/Erth      0%         N/A       100%        5
 Lee's Rapid Deconstruct  Erth           0%         3d5*      100%        5
 Manifold Assault         Tloc           0%         N/A       100%        5
 Invisibility             Hex            0%         N/A       100%        6
 Storm Form               Tmut/Air       0%         N/A       100%        7
 Shatter                  Erth           0%         3d5*      100%        9


Dungeon Overview and Level Annotations

Branches:
Dungeon (8/15)             Temple (1/1) D:6            Lair (3/6) D:8
  Swamp (0/4) Lair:3        Snake (0/4) Lair:3        Sewer (visited)
Volcano (visited)

Altars:
Ashenzari
Cheibriados
Dithmenos
Elyvilon
Fedhas
Gozag
Hepliaklqana
Kikubaaqudgha
Makhleb
Nemelex Xobeh
Ru
Sif Muna
Trog
Uskayaw
Vehumet
Xom
Yredelemnul
Zin
The Shining One

Annotations:
D:3 2 transporters, AarnesTheHuman's ghost, amateur FoFi
D:6 1 runed translucent door, exclusion: door, Crazy Yiuf
D:8 2 runed translucent doors, exclusion: 2 doors, cccccccc's ghost, novice TrMo
Lair:1 1 runed translucent door, exclusion: door, AarnesTheHuman's ghost, journeyman MfGl


Innate Abilities, Weirdness & Mutations

You cannot train Armour skill.
You are sensitive to extremes of temperature. (rF-, rC-)
((You are quick and stealthy near water. (Stealth+, EV+, Speed+++)))
Your lower body shifts to a powerful aquatic tail in water.
Your body sometimes deteriorates upon taking damage.
You sometimes lose the ability to read scrolls when taking damage.


Message History

The cacodemon is almost dead.
The ancient zyme misses you.
The ancient zyme hits you but does no damage.
You hit the cacodemon.
The cacodemon is almost dead.
The cacodemon hits you but does no damage. x2
The large abomination is stunned by your conviction and fails to attack.
The ancient zyme completely misses you.
The ancient zyme hits you but does no damage.
You closely miss the cacodemon.
The cacodemon is almost dead.
You hit the cacodemon but do no damage.
The cacodemon is almost dead.
The cacodemon misses you. The cacodemon hits you.
* * * LOW HITPOINT WARNING * * *
The ancient zyme hits you but does no damage. x2
The large abomination hits you!!
* * * LOW HITPOINT WARNING * * *
Unknown command.
You cannot read scrolls in your current state!
Unknown command.
Okay, then.
You feel much better.
The cacodemon is stunned by your conviction and fails to attack.
The ancient zyme completely misses you.
The ancient zyme hits you but does no damage.
You feel ill.
Aiming: Paralyse
Press: ? - help, Shift-Dir - straight line, f - ancient zyme, p - cacodemon
Aim: an ancient zyme (lightly damaged, chance to affect: 26%)
The ancient zyme easily resists.
The large abomination barely misses you.
The cacodemon is stunned by your conviction and fails to attack.
You redirect the ancient zyme's attack!
The ancient zyme hits itself.
The ancient zyme barely misses itself.
You feel ill.
You closely miss the cacodemon.
The cacodemon is almost dead.
The large abomination hits you!!
You die...

....# . #
## ...##.
## ### .
#. .#..
.....
..### ..#
### ##
.#.# .
###.#
....####.#
.......Xx#
.) .. #@#
.# # #2#
..# ##.#
#.. #.#
#.# #.#


You could see a cacodemon (very poisoned), an ancient zyme and a large
abomination (blind).

Vanquished Creatures
  A lich (Abyss:2)
  2 hydras (Lair:2)
  3 death yaks (D:7)
  A worldbinder (Abyss:2)
  A toenail golem (Volcano)
  12 elephants
  A black mamba (Lair:2)
  An orange demon (Abyss:2)
  5 cane toads
  A rime drake (Lair:2)
  Psyche (D:8)
  3 komodo dragons
  A wyvern (Lair:1)
  A ynoxinul (Abyss:2)
  6 yaks
  A wraith (Abyss:2)
  2 steam dragons (D:8)
  3 large abominations (Abyss:2)
  5 water moccasins
  2 ice beasts
  An orc warrior (D:8)
  2 black bears
  2 small abominations (Abyss:2)
  6 wolves
  4 ogres
  A phantom (D:6)
  A centaur (D:8)
  Blork the orc (D:6)
  4 bullfrogs
  A gnoll sergeant (D:6)
  A scorpion (D:5)
  A water moccasin skeleton (D:4)
  2 howler monkeys (D:5)
  4 wights (D:8)
  2 centaur zombies
  A bullfrog zombie (D:7)
  A hound (D:6)
  3 jellies
  An orc priest (D:8)
  A centaur skeleton (D:7)
  A gnoll shaman (D:8)
  4 iguanas
  7 orc wizards
  A hell rat (D:7)
  6 gnolls
  A howler monkey skeleton (D:6)
  16 adders
  3 river rats (D:7)
  An ufetubus (Abyss:2)
  8 worms
  2 dart slugs
  12 orcs
  15 endoplasms
  4 giant cockroaches
  11 goblins
  8 hobgoblins
  10 jackals
  6 kobolds
  6 quokkas
  8 ball pythons
  11 bats
  8 frilled lizards
  8 rats
250 creatures vanquished.

Vanquished Creatures (others)
  An ogre (D:7)
  8 fungi
  13 plants
  2 withered plants (D:8)
24 creatures vanquished.

Grand Total: 274 creatures vanquished

Notes
Turn   | Place    | Note
-------+----------+-------------------------------------------
     0 | D:1      | AarnesTheHuman the Merfolk Gladiator began the quest for
                  | the Orb.
     0 | D:1      | Reached XP level 1. HP: 16/16 MP: 1/1
   260 | D:1      | Reached XP level 2. HP: 23/23 MP: 2/2
   577 | D:1      | Reached XP level 3. HP: 23/28 MP: 3/3
   579 | D:1      | Reached skill level 5 in Polearms
  1491 | D:2      | Reached XP level 4. HP: 30/35 MP: 4/4
  1606 | D:2      | Found a snail-covered altar of Cheibriados.
  1627 | D:1      | Reached skill level 5 in Dodging
  1880 | D:2      | You fall into a shaft and drop 1 floor!
  1892 | D:3      | Found a glowing drain.
  2027 | Sewer    | Entered a sewer
  2151 | Sewer    | Reached XP level 5. HP: 41/41 MP: 5/5
  2484 | Sewer    | Reached skill level 6 in Polearms
  2872 | D:2      | Found a faded altar of an unknown god.
  3074 | D:3      | Noticed AarnesTheHuman's ghost (amateur FoFi)
  3106 | D:3      | Got the Incunabulum of Earth
  3120 | D:3      | Found a transporter.
  3233 | D:3      | Found a transporter.
  3722 | D:4      | Reached XP level 6. HP: 43/48 MP: 6/6
  3899 | D:4      | Reached skill level 7 in Polearms
  4148 | D:4      | Noticed a black bear
  4161 | D:4      | Killed a black bear
  4162 | D:4      | Reached skill level 5 in Fighting
  4162 | D:4      | Reached XP level 7. HP: 37/56 MP: 7/7
  4455 | D:4      | Reached skill level 1 in Armour
  4703 | D:4      | Found a blossoming altar of Fedhas.
  4785 | D:4      | Identified the +3 leather armour "Zila" {Int-5 Dex+5}
  4945 | D:5      | Entered Level 5 of the Dungeon
  5469 | D:5      | Found a basalt altar of Yredelemnul.
  5676 | D:5      | Reached XP level 8. HP: 64/64 MP: 8/8
  5712 | D:6      | Found a staircase to the Ecumenical Temple.
  5734 | Temple   | Entered the Ecumenical Temple
  6002 | Temple   | Became a worshipper of Ru the Awakened
  6065 | D:6      | Reached skill level 8 in Polearms
  6067 | D:6      | Noticed Blork the orc
  6083 | D:6      | Killed Blork the orc
  6222 | D:6      | Noticed a yak
  6253 | D:6      | Noticed a yak
  6254 | D:6      | Noticed a yak
  6269 | D:6      | Killed a yak
  6275 | D:6      | Killed a yak
  6301 | D:6      | Killed a yak
  6378 | D:6      | Reached skill level 9 in Polearms
  6378 | D:6      | Reached XP level 9. HP: 60/72 MP: 9/9
  6566 | D:6      | Found a runed translucent door.
  6567 | D:6      | Noticed Crazy Yiuf
  7404 | D:7      | Gained mutation: You are sensitive to extremes of
                  | temperature. (rF-, rC-) [Ru sacrifice]
  7404 | D:7      | Reached * piety under Ru
  7404 | D:7      | Reached ** piety under Ru
  8121 | D:8      | Noticed a death yak
  8156 | D:7      | Killed a death yak
  8157 | D:7      | Reached skill level 11 in Polearms
  8213 | D:8      | Noticed a death yak
  8222 | D:8      | Noticed a death yak
  8276 | D:7      | Killed a death yak
  8277 | D:7      | Reached skill level 1 in Evocations
  8277 | D:7      | Reached XP level 10. HP: 66/83 MP: 10/10
  8392 | D:7      | Killed a death yak
  8465 | D:8      | Found a staircase to the Lair.
  8523 | D:8      | Noticed Psyche
  8544 | D:8      | Found a shimmering altar of Xom.
  8580 | D:8      | Found a hazy altar of Hepliaklqana.
  8857 | D:8      | Killed Psyche
  8858 | D:8      | Reached skill level 12 in Polearms
  9116 | D:8      | Reached skill level 10 in Dodging
  9230 | D:8      | Reached skill level 5 in Armour
  9263 | D:8      | Reached skill level 10 in Fighting
  9277 | D:8      | Noticed a death knight
  9278 | D:8      | Found a runed translucent door.
  9280 | D:8      | Noticed a centaur warrior
  9280 | D:8      | Identified the amulet of Motsuemn {RegenMP Contam rElec rF+
                  | Dex+6}
  9280 | D:8      | Noticed an ogre mage
  9412 | D:8      | Found a runed translucent door.
  9412 | D:8      | Noticed cccccccc's ghost (novice TrMo)
  9624 | Lair:1   | Entered Level 1 of the Lair of Beasts
  9887 | Lair:1   | Noticed a cane toad
  9903 | Lair:1   | Killed a cane toad
  9904 | Lair:1   | Reached XP level 11. HP: 68/92 MP: 11/11
 10048 | Lair:1   | Reached skill level 1 in Slings
 10338 | Lair:1   | Found a runed translucent door.
 10341 | Lair:1   | Noticed AarnesTheHuman's ghost (journeyman MfGl)
 10341 | Lair:1   | Identified the +6 spear "Huse" {pain, rC+ Str+7}
 10716 | Lair:2   | Reached skill level 13 in Polearms
 10754 | Lair:2   | Noticed an eight-headed hydra
 10764 | Lair:2   | Killed an eight-headed hydra
 10807 | Lair:2   | Gained mutation: You cannot train Armour skill. [Ru
                  | sacrifice]
 10807 | Lair:2   | Reached *** piety under Ru
 10868 | Lair:2   | Noticed a six-headed hydra
 10889 | Lair:2   | Killed a six-headed hydra
 11632 | Lair:3   | Reached skill level 14 in Polearms
 11665 | Lair:3   | Reached XP level 12. HP: 24/102 MP: 12/12
 11804 | Lair:3   | Found a dark tunnel.
 11809 | Volcano  | Entered a volcano
 11845 | Volcano  | Cast into level 2 of the Abyss (a wizard)
 11845 | Abyss:2  | Found a corrupted altar of Lugonu.
 12106 | Abyss:2  | Noticed a lich
 12143 | Abyss:2  | Killed a lich
 12225 | Abyss:2  | Noticed a cacodemon
 12230 | Abyss:2  | Gained mutation: Your body sometimes deteriorates upon
                  | taking damage. [a cacodemon]
 12246 | Abyss:2  | Gained mutation: You sometimes lose the ability to read
                  | scrolls when taking damage. [a cacodemon]
 12264 | Abyss:2  | Slain by a large abomination

Illustrated notes

Levels and vault maps discovered:
D:1:      dpeg_arrival_rooms_b, layout_loops_ring, hangedman_feature_mirror,
          grunt_decor_arrowhead, amcnicky_mini_corridor_feature
D:2:      layout_rooms, dreamdust_ecumenical_altar_hidden_monk_grotto,
          basic_altar
D:3:      layout_basic, gammafunk_ghost_mausoleum, gup_sewer_entry_glass,
          minmay_misc_feat_rugged, minmay_misc_feat_tower
D:4:      layout_basic, kennysheep_mini_moat, minmay_quadrilaterals
D:5:      layout_loops_ring, kennysheep_mini, kennysheep_generic_room_13
D:6:      layout_cave_pools, temple_pool_b, uniq_blork_the_orc,
          uniq_crazy_yiuf_cottage
D:7:      layout_loops_corners
D:8:      minmay_gate_of_8, layout_basic, mainiacjoe_overflow_paths,
          dk_xom_monty_hall, dpeg_lair_monsters, gammafunk_ghost_grave,
          uniq_psyche
Temple:   eino_narrow_crystal_temple
Lair:1:   layout_gridlike, ebering_ghost_funeral_grove
Lair:2:   layout_loops_ring
Lair:3:   layout_roguey, skrybe_swamp_entry_bodies, guppyfry_snake_entry_garden,
          nicolae_volcano_entry_lava_flow, uniq_gastronok
Abyss:2:  base: D:1, evilmike_abyss_exit_7
Volcano:  volcano_bunker

Skill      XL: |  1  2  3  4  5  6  7  8  9 10 11 12 |
---------------+-------------------------------------+-----
Polearms       | 5 6 7 9 11 12 14 | 14.0
Fighting       | 3 4 5 7 9 10 12 13 | 13.5
Dodging        | 5 6 7 9 10 12 | 12.7
Armour         | 1 3 4 5 0 |  0.0
Evocations     | 1 3 4 |  4.8
Slings         | 1 |  1.5
Throwing       | |  2.0

Action                   |  1- 3 |  4- 6 |  7- 9 | 10-12 || total
-------------------------+-------+-------+-------+-------++-------
Melee: Trident           |    49 |       |   249 |   650 ||   948
       Short sword       |    52 |   263 |    19 |       ||   334
       Tailslap          |       |     4 |     4 |     1 ||     9
 Fire: Hunting sling     |       |       |       |     7 ||     7
Throw: Throwing net      |       |     2 |       |       ||     2
Invok: Sacrifice Resista |       |       |     1 |       ||     1
       Draw Out Power    |       |       |       |     5 ||     5
       Sacrifice Durabil |       |       |       |     1 ||     1
Evoke: Wand              |       |       |       |    12 ||    12
  Use: Scroll            |       |     1 |    13 |    13 ||    27
       Potion            |       |       |       |     4 ||     4
 Stab: Sleeping          |     1 |       |       |       ||     1
       Held in net/web   |       |     1 |       |       ||     1
       Distracted        |       |       |       |     1 ||     1
       Invisible         |       |       |       |     6 ||     6
Armor: Leather armour    |    10 |       |       |       ||    10
       Storm dragon scal |    33 |   208 |    92 |   257 ||   590
Dodge: Dodged            |    51 |   148 |    89 |   330 ||   618
